 Dungeon Crawl Stone Soup version 0.21.1-1-g345015f (webtiles) character file.

22 Fang the Skirmisher (level 2, 0/20 HPs)
             Began as a Gargoyle Berserker on Apr 25, 2018.
             Was a Follower of Trog.
             Slain by a worm (8 damage)
             ... on level 2 of the Dungeon.
             The game lasted 00:04:15 (795 turns).

Fang the Skirmisher (Gargoyle Berserker)             Turns: 795, Time: 00:04:15

Health: 0/20       AC:  5    Str: 20    XL:     2   Next: 91%
Magic:  2/2        EV: 12    Int:  7    God:    Trog [*.....]
Gold:   85         SH:  0    Dex:  9    Spells: 1/1 levels left

rFire    . . .     SeeInvis .   a - +0 hand axe
rCold    . . .     Gourm    .   (no shield)
rNeg     + . .     Faith    .   b - +0 animal skin
rPois    ∞         Spirit   .   (no helmet)
rElec    +         Reflect  .   (no cloak)
rCorr    .         Harm     .   (no gloves)
MR       .....                  (no boots)
Stlth    +.........             (no amulet)
HPRegen  0.06/turn              (no ring)
MPRegen  0.08/turn              (no ring)

@: no status effects
A: negative energy resistance 1, electricity resistance, unbreathing,
petrification resistance, rot immunity, AC +2
a: Berserk, Burn Spellbooks, Renounce Religion


You were on level 2 of the Dungeon.
You worshipped Trog.
Trog was aware of your devotion.
You were not hungry.

You visited 1 branch of the dungeon, and saw 2 of its levels.

You collected 85 gold pieces.

Inventory:

Hand Weapons
 a - a +0 hand axe (weapon)
Armour
 b - a +0 animal skin (worn)
Scrolls
 d - a scroll of teleportation {unknown}
 g - a scroll of noise {unknown}
 i - a scroll of identify {unknown}
 j - a scroll of enchant armour {unknown}
Potions
 e - a potion of might {unknown}
 f - a potion of ambrosia {unknown}
 h - a potion of heal wounds {unknown}
Comestibles
 c - 4 rations


   Skills:
 + Level 3.6 Fighting
 + Level 3.1 Axes
 + Level 2.4 Armour
 + Level 1.7 Dodging


You had one spell level left.
You didn't know any spells.

Dungeon Overview and Level Annotations

Branches:
Dungeon (2/15)

Altars:


Innate Abilities, Weirdness & Mutations

You are resistant to torment.
Your stone body is resilient. (AC +2)
You are immune to poison.
You resist negative energy. (rN+)
You are resistant to electric shocks. (rElec)
You can survive without breathing.
You are immune to petrification.
You are immune to rotting.


Message History

You hit the worm.
The jackal bites you but does no damage.
The worm bites you!
You are too injured to fight recklessly!
Unknown command.
You are too injured to fight recklessly!
Unknown command.
You are too injured to fight recklessly!
You hit the jackal.
You kill the jackal!
Trog accepts your kill.
You hit the worm. The worm barely misses you.
Unknown command.
You barely miss the worm.
The worm is heavily wounded.
Unknown command.
You slash the worm!
The worm is almost dead.
The worm bites you!
You die...

#### ...#
...# #..##
##... # #
...#.####
#.#w.......
#.@.<$....
##.†.#####
#...#
......
#...###
#...# #...#
#...#


You could see a worm.

Vanquished Creatures
  2 bats (D:1)
  3 hobgoblins
  5 jackals
  2 kobolds (D:1)
  2 ball pythons (D:1)
  3 goblins (D:1)
  2 rats
19 creatures vanquished.

Notes
Turn   | Place    | Note
-------+----------+-------------------------------------------
     0 | D:1      | Fang the Gargoyle Berserker began the quest for the Orb.
     0 | D:1      | Reached XP level 1. HP: 14/14 MP: 1/1
     2 | D:1      | Noticed a demonspawn
     2 | D:1      | Noticed a demigod
     4 | D:1      | Noticed an elf
     4 | D:1      | Noticed a spriggan
     6 | D:1      | Noticed a dwarf
     6 | D:1      | Noticed a draconian
     8 | D:1      | Noticed a centaur
     8 | D:1      | Noticed a halfling
    10 | D:1      | Noticed a ghoul
    12 | D:1      | Noticed a vampire
    16 | D:1      | Noticed an octopode
    16 | D:1      | Noticed a human
    18 | D:1      | Noticed a troll
    18 | D:1      | Noticed an ogre
    20 | D:1      | Noticed a naga
    20 | D:1      | Noticed a tengu
    22 | D:1      | Noticed a merfolk
    22 | D:1      | Noticed a vine stalker
    24 | D:1      | Noticed a felid
    24 | D:1      | Noticed a formicid
    26 | D:1      | Noticed a minotaur
    26 | D:1      | Noticed a gargoyle
   209 | D:1      | Reached XP level 2. HP: 8/19 MP: 2/2
   795 | D:2      | Slain by a worm

Skill      XL: |  1  2 |
---------------+-------+-----
Axes           | 3 |  3.1
Fighting       | |  3.6
Armour         | |  2.4
Dodging        | |  1.7

Action                   || total
-------------------------++-------
Melee: Hand axe          ||    59
Armor: Animal skin       ||    31
Dodge: Dodged            ||    54
